 Dungeon Sprint DCSS version 0.30.1-9-gdf580d7c3d (webtiles) character file.

Game seed: 7936302353536311072

1744 Heoruswealwe the Impaler (level 8, -9/84 HPs)
             Began as a Minotaur Fighter on Sept 29, 2023.
             Was an Initiate of Gozag.
             Mangled by a red ugly thing (12 damage)
             ... in the Dungeon (Sprint IX: "|||||||||||||||||||||||||||||").
             The game lasted 00:04:28 (399 turns).

Heoruswealwe the Impaler (Minotaur Fighter)          Turns: 399, Time: 00:04:28

Health: -9/84      AC: 15    Str: 24    XL:     8   Next: 77%
Magic:  7/7        EV: 11    Int:  5    God:    Gozag
Gold:   432        SH:  0    Dex:  9    Spells: 7/7 levels left

rFire   . . .        b - +2 halberd (venom)
rCold   . . .        (shield currently unavailable)
rNeg    . . .        c - +1 chain mail
rPois   .            (helmet restricted)
rElec   .            (no cloak)
rCorr   .            (no gloves)
SInv    .            (no boots)
Will    .....        (no amulet) Stlth
                     k - +2 ring of protection
HPRegen 0.34/turn    j - +2 ring of evasion
MPRegen 0.10/turn

%: no teleportation
@: gold aura
A: horns 2, retaliatory headbutt
a: Renounce Religion, Potion Petition, Call Merchant, Bribe Branch


You were in the Dungeon.
You worshipped Gozag.
Gozag was aware of your devotion.
You visited 1 branch You collected 432 gold pieces.

Inventory:

Hand Weapons
 a - a +0 trident
 b - a +2 halberd of venom (weapon)
Armour
 c - a +1 chain mail (worn)
 d - a +0 buckler
Jewellery
 j - a +2 ring of evasion (right hand)
 k - a +2 ring of protection (left hand)
Wands
 h - a wand of light (10)
Scrolls
 m - 2 scrolls of blinking
Potions
 g - a potion of haste
 i - a potion of berserk rage
 l - a potion of might


   Skills:
 + Level 12.3 Fighting
 * Level 16.5 Polearms
 + Level 12.3 Armour
 - Level 3.6 Shields


You had 7 spell levels left.
You didn't know any spells.
Your spell library was empty.

Dungeon Overview and Level Annotations

Branches:
Dungeon (1/1)

Altars:
Cheibriados
Dithmenos
Elyvilon
Fedhas
Gozag
Hepliaklqana
Kikubaaqudgha
Makhleb
Nemelex Xobeh
Okawaru
Qazlal
Ru
Sif Muna
Trog
Uskayaw
Vehumet
Wu Jian
Xom
Yredelemnul
Zin
The Shining One
Jiyva
Lugonu


Innate Abilities, Weirdness & Mutations

You have a pair of horns on your head.
You reflexively headbutt those who attack you in melee.


Message History

The slime creature is lightly wounded.
The slime creature hits you!
The boulder beetle is distracted by your dazzling golden aura.
You barely miss the slime creature. You headbutt the slime creature!
The slime creature is moderately wounded.
You slash the slime creature!
The slime creature is heavily wounded.
The howler monkey hoots and howls with incredible vigour!
The slime creature hits you.
You barely miss the slime creature.
The slime creature is heavily wounded.
The boulder beetle is no longer distracted by gold.
The slime creature misses you. You furiously retaliate!
You headbutt the slime creature. You hit the slime creature.
The slime creature is poisoned.
The slime creature is heavily wounded.
The slime creature hits you.
You puncture the slime creature!
The slime creature looks as sick as possible!
Your headbutt misses the slime creature.
The slime creature is severely wounded.
The howler monkey is distracted by your dazzling golden aura.
The howler monkey howls!
You impale the slime creature!!
You kill the slime creature!
You impale the red ugly thing!!
The red ugly thing looks as sick as possible!
The red ugly thing is heavily wounded.
The howler monkey is no longer distracted by gold.
The red ugly thing kicks you!
* * * LOW HITPOINT WARNING * * *
You are engulfed in flames!!
* * * LOW HITPOINT WARNING * * *
The boulder beetle curls into a ball and begins rolling!
Okay, then.
You barely miss the red ugly thing.
The red ugly thing is heavily wounded.
The red ugly thing kicks you!
You die...
Your body crumbles into a pile of gold. ▓▓▓▓▓▓▓▓▓▓▓▓▓▓▓▓▓▓▓▓▓▓▓▓ ...B.hu@.....)...[[[)?!' ▓▓▓▓▓▓▓▓▓▓▓▓▓▓▓▓▓▓▓▓▓▓▓▓ $ $ $$ $$$$$ $ $ $ $$$$$

You could see a boulder beetle (rolling), a red ugly thing (extremely poisoned) and a howler monkey.

Vanquished Creatures
  A manticore (D)
  A gargoyle (D)
  A hornet (D)
  A slime creature (D)
  2 yaks (D)
  A floating eye (shapeshifter) (D)
  An orc warrior (D)
  A phantom (D)
  A kobold brigand (D)
  A hound (D)
  2 iguanas (D)
  A gnoll (D)
  A dart slug (D)
  2 kobolds (D)
  A frilled lizard (D)
  A rat (D)
19 creatures vanquished.

Notes
Turn   | Place    | Note
-------+----------+-------------------------------------------
     0 | D        | Heoruswealwe the Minotaur Fighter began the quest for the
                  | Orb.
     0 | D        | Reached XP level 1. HP: 19/19 MP: 0/0
     9 | D        | Reached skill level 3 in Polearms
    21 | D        | Noticed an iguana
    21 | D        | Noticed a phantom
    21 | D        | Noticed an iguana
    21 | D        | Noticed a hound
    29 | D        | Killed a hound
    30 | D        | Reached skill level 5 in Fighting
    30 | D        | Reached skill level 5 in Polearms
    30 | D        | Reached skill level 5 in Armour
    30 | D        | Reached XP level 2. HP: 26/29 MP: 1/1
    30 | D        | Reached XP level 3. HP: 33/36 MP: 2/2
    34 | D        | Reached skill level 6 in Polearms
    39 | D        | Reached skill level 7 in Polearms
    39 | D        | Reached XP level 4. HP: 16/44 MP: 3/3
    50 | D        | Killed a phantom
    51 | D        | Reached skill level 9 in Polearms
    51 | D        | Reached XP level 5. HP: 13/52 MP: 4/4
    63 | D        | Found a snail-covered altar of Cheibriados.
    63 | D        | Found a shadowy altar of Dithmenos.
    63 | D        | Found a white marble altar of Elyvilon.
    63 | D        | Found a blossoming altar of Fedhas.
    63 | D        | Found an opulent altar of Gozag.
    64 | D        | Found a hazy altar of Hepliaklqana.
    65 | D        | Found a viscous altar of Jiyva.
    66 | D        | Found an ancient bone altar of Kikubaaqudgha.
    67 | D        | Found a corrupted altar of Lugonu.
    68 | D        | Found a burning altar of Makhleb.
    69 | D        | Found a sparkling altar of Nemelex Xobeh.
    70 | D        | Found an iron altar of Okawaru.
    71 | D        | Became a worshipper of Gozag Ym Sagoz the Greedy
    72 | D        | Found a stormy altar of Qazlal.
    73 | D        | Found a sacrificial altar of Ru.
    74 | D        | Found a shimmering blue altar of Sif Muna.
    75 | D        | Found a bloodstained altar of Trog.
    76 | D        | Found a hide-covered altar of Uskayaw.
    77 | D        | Found a radiant altar of Vehumet.
    78 | D        | Found an ornate altar of the Wu Jian Council.
    79 | D        | Found a shimmering altar of Xom.
    80 | D        | Found a basalt altar of Yredelemnul.
    81 | D        | Found a glowing silver altar of Zin.
    82 | D        | Found a glowing golden altar of the Shining One.
   127 | D        | Noticed a yak
   127 | D        | Noticed a hornet
   127 | D        | Noticed an orc warrior
   127 | D        | Noticed a yak
   127 | D        | Noticed a gargoyle
   131 | D        | Killed a gargoyle
   132 | D        | Reached skill level 12 in Polearms
   132 | D        | Reached XP level 6. HP: 30/64 MP: 5/5
   137 | D        | Killed a yak
   138 | D        | Reached skill level 10 in Fighting
   138 | D        | Reached skill level 13 in Polearms
   138 | D        | Reached skill level 10 in Armour
   138 | D        | Reached XP level 7. HP: 56/72 MP: 6/6
   148 | D        | Reached skill level 14 in Polearms
   149 | D        | Paralysed by a hornet for 2 turns
   157 | D        | Paralysed by a hornet for 2 turns
   162 | D        | Killed a hornet
   170 | D        | Killed a yak
   171 | D        | Reached skill level 15 in Polearms
   171 | D        | Reached XP level 8. HP: 17/82 MP: 7/7
   374 | D        | Noticed a jumping spider
   374 | D        | Noticed a boulder beetle
   374 | D        | Noticed a red ugly thing
   374 | D        | Noticed a slime creature
   374 | D        | Noticed a manticore
   376 | D        | a jumping spider changed into a cyclops
   376 | D        | Noticed a cyclops (shapeshifter)
   379 | D        | a cyclops changed into a floating eye
   389 | D        | Killed a manticore
   390 | D        | Reached skill level 16 in Polearms
   397 | D        | Killed a slime creature
   398 | D        | HP: 2/84 [red ugly thing (23)]
   399 | D        | Mangled by a red ugly thing

Illustrated notes

Levels and vault maps discovered:
D:        linesprint [early_d, line_temple, items_1, d_10, items_2, lair_1,
          lair_end, items_3, orc_1, orc_end, items_4, d_15, swamp_1, shoals_1,
          snake_1, spider_1, d_20, vaults_1, items_5, swamp_end, shoals_end,
          snake_end, spider_end, vaults_end, d_27, items_6, zot_1, zot_end,
          crypt_end, forest_end, elf_end, slime_end, tomb_end, abyss_end,
          pan_hell_end]

Skill      XL: |  1  2  3  4  5  6  7  8 |
---------------+-------------------------+-----
Fighting       | 5 7 9 10 11 12 | 12.3
Polearms       | 5 7 9 12 13 15 16 | 16.5
Armour         | 5 7 9 10 11 12 | 12.3
Shields        | |  3.6

Action                     |  1- 3 |  4- 6 |  7- 9 || total
---------------------------+-------+-------+-------++-------
  Melee: Trident           |    26 |    17 |       ||    43
         Headbutt          |     7 |     2 |     9 ||    18
         Halberd           |       |     8 |    51 ||    59
    Use: Potion            |       |     3 |     5 ||     8
 Armour: Scale mail        |     7 |     3 |       ||    10
         Chain mail        |       |     1 |    19 ||    20
  Dodge: Dodged            |     5 |     5 |    18 ||    28
  Block: Buckler           |     4 |     5 |       ||     9
